 Dungeon Crawl Stone Soup version 0.22-a0-558-gc224181 (webtiles) character file.

1621 MothsLongingForFire the Cleaver (level 8, -5/75 HPs)
             Began as a Hill Orc Monk on June 27, 2018.
             Was a Priest of Beogh.
             Killed by divine providence
             ... invoked by an orc priest
              (14 damage)
             ... on level 6 of the Dungeon.
             The game lasted 00:21:12 (6771 turns).

MothsLongingForFire the Cleaver (Hill Orc Monk)     Turns: 6771, Time: 00:21:13

Health: -5/75      AC: 16    Str: 19    XL:     8   Next: 96%
Magic:  10/13      EV:  6    Int: 10    God:    Beogh [***...]
Gold:   306        SH:  0    Dex: 13    Spells: 7/7 levels left

rFire    + . .     SeeInvis .   a - +0 hand axe
rCold    + + .     Gourm    .   (no shield)
rNeg     . . .     Faith    .   E - +0 plate armour {rC+}
rPois    .         Spirit   .   v - +1 helmet
rElec    .         Reflect  .   z - scarf {rC+ rF+}
rCorr    .         Harm     .   j - +2 pair of gloves
MR       .....                  B - +0 pair of boots
Stlth    ..........             (no amulet)
HPRegen  0.22/turn              S - +3 ring of strength
MPRegen  0.13/turn              (no ring)

@: no status effects
A: no striking features
a: Smiting, Renounce Religion


You were on level 6 of the Dungeon.
You worshipped Beogh.
Beogh was most pleased with you.
You were hungry.

You visited 1 branch of the dungeon, and saw 6 of its levels.
You also visited: Sewer and Ossuary.

You collected 306 gold pieces.


   Skills:
 + Level 8.4 Fighting
 + Level 9.7 Axes
 - Level 2.4 Dodging
 - Level 1.5 Stealth
 + Level 7.4 Invocations


You had 7 spell levels left.
You didn't know any spells.
Your spell library was empty.

Inventory:

Hand Weapons
 a - a +0 hand axe (weapon)
 l - a +0 hunting sling
 y - a +0 blowgun {@w1}
Missiles
 g - 189 stones (quivered)
 k - 2 throwing nets {=f}
 o - 63 sling bullets
Armour
 d - a +2 hat
 j - a +2 pair of gloves (worn)
 r - a +0 ring mail
 v - a +1 helmet (worn)
 z - a scarf of resistance (worn)
 B - a +0 pair of boots (worn)
 E - a +0 plate armour of cold resistance (worn)
Jewellery
 C - an uncursed ring of ice
 S - a +3 ring of strength (left hand)
Wands
 i - a wand of random effects (33)
 G - a wand of acid (7)
Scrolls
 f - 2 scrolls of amnesia {unknown}
 h - 3 scrolls of identify {@r1}
 p - a scroll of teleportation {@r4}
 q - 7 scrolls of remove curse {@r2}
 t - a scroll of enchant weapon {unknown}
 D - a scroll of blinking {unknown}
Potions
 b - 4 potions of heal wounds {@q2}
 e - 2 potions of magic
 m - a potion of flight
 n - 8 potions of curing {@q1}
 s - 3 potions of haste {@q3}
 u - 3 potions of berserk rage {!q}
 w - a potion of lignification {unknown}
 x - a potion of brilliance {unknown}
 A - a potion of resistance
Comestibles
 c - 5 rations {@e1}

Dungeon Overview and Level Annotations

Branches:
Dungeon (6/15)             Temple (0/1) D:6

Altars:
Elyvilon

Shops:
D:6 [

Annotations:
D:2 natasha
D:4 exclusion: downstairs
D:5 3ogres

.░.░.░ ##... .. .░.░.░.░ ......
..>.. .░.░.░.░.░ ░o..... ....
.░.░.░.░.░.░)...... #.#...
.░.░.░.░.░o░§░# # #.#..#
.░.░.░.░.░.░.░.# #.##.#..#
.░.░.░.░.░.░.░o░# .##........
.░.░.░.░.░.░.░o░.# #...........
░.░.░.░.░.░.░@░.░###..#.##.#...
░.░.░.░.░.░o░.░..............#
░.░.░.░.░)░.░.░###..#.#..##.#
░.░.░.░.░.░.░.###..#.#..##.#
░.░.░.░.░.░.░..............
░.░.░.░.░.░.###..#.#..##.#
#.##.##.#### #.......##.#
#..#.##.# #..#.#..##.#
##o#.##.# #..#.#..##.#


You could see an orc priest, an orc and a friendly orc wizard.


Message History

The magic dart hits your orc wizard.
The orc wizard hits your orc wizard but does no damage.
Your orc wizard hits the orc wizard with a dagger.
The orc wizard dies!
Beogh accepts your kill. Something hits your orc!
Your orc dies!
Your orc wizard hits the orc priest with a dagger.
The orc priest mumbles some strange prayers to Beogh against you.
Beogh smites you!
* * * LOW HITPOINT WARNING * * *
Things that are here:
a dagger; a robe Your orc wizard casts a spell.
Your orc wizard seems to speed up.
The orc priest closely misses your orc wizard.
You hit the orc priest.
The orc priest is heavily wounded.
The orc priest completely misses you.
You hit the orc priest.
The orc priest is severely wounded.
The orc priest invokes the aid of Beogh against you.
Beogh smites you!
* * * LOW HITPOINT WARNING * * *
You hit the orc priest but do no damage.
The orc priest is severely wounded.
The orc priest invokes the aid of Beogh against you.
Beogh smites you!
You die...
Beogh appreciates the orc priest's killing of a heretic priest.

Skill      XL: |  1  2  3  4  5  6  7  8 |
---------------+-------------------------+-----
Fighting       | 4 5 6 7 8 |  8.4
Axes           | 5 6 7 8 9 |  9.7
Invocations    | 1 2 4 5 7 |  7.4
Dodging        | |  2.4
Stealth        | |  1.5

Action                   |  1- 3 |  4- 6 |  7- 9 || total
-------------------------+-------+-------+-------++-------
Melee: Hand axe          |   116 |   185 |   477 ||   778
Throw: Stone             |       |    11 |     4 ||    15
Invok: Convert to Beogh  |       |     1 |       ||     1
       Smiting           |       |     4 |     4 ||     8
Evoke: Wand              |       |       |     1 ||     1
  Use: Scroll            |     6 |     4 |     3 ||    13
       Potion            |       |     1 |       ||     1
 Stab: Sleeping          |     2 |       |     1 ||     3
       Invisible         |       |     4 |       ||     4
  Eat: Chunk             |     1 |     6 |     5 ||    12
       Ration            |       |       |     2 ||     2
Armor: Robe              |    25 |    11 |       ||    36
       Ring mail         |       |   114 |   134 ||   248
       Plate armour      |       |       |    41 ||    41
Dodge: Dodged            |    68 |   131 |   196 ||   395

Vault maps used:
D:1:      dpeg_arrival_arbitrary_b
D:2:      chequers_ecumenical_altar_island, uniq_natasha
D:3:      elyvilon_altar_5
D:4:      portal_sewer_entry_e, first_ration, uniq_duvessa, uniq_robin
D:5:      minmay_opposing_rooms, xom_butterflies, enter_ossuary_4, serial_shops,
          shop
D:6:      minmay_temple_entry_purple_smoke, serial_shops, shop, serial_glass,
          glass_columns_a, glass_columns_c
Sewer:    sewer_big_baddie
Ossuary:  ossuary_tomb_1

Notes
Turn   | Place    | Note
-------+----------+-------------------------------------------
     0 | D:1      | MothsLongingForFire the Hill Orc Monk began the quest for the Orb.
     0 | D:1      | Reached XP level 1. HP: 19/19 MP: 1/1
    74 | D:1      | Reached XP level 2. HP: 22/27 MP: 2/2
   247 | D:1      | Reached skill level 4 in Fighting
   442 | D:1      | Reached skill level 5 in Axes
   444 | D:1      | Reached XP level 3. HP: 31/33 MP: 3/3
  1017 | D:2      | Found a faded altar of an unknown god.
  1062 | D:2      | Noticed Natasha
  1082 | D:2      | Reached XP level 4. HP: 32/41 MP: 4/4
  1358 | D:3      | Reached skill level 6 in Axes
  1368 | D:3      | Became a worshipper of Beogh the Brigand
  1368 | D:3      | Reached * piety under Beogh
  1368 | D:3      | Reached ** piety under Beogh
  1689 | D:3      | Found a white marble altar of Elyvilon.
  2171 | D:2      | Killed Natasha
  2171 | D:2      | Reached skill level 1 in Invocations
  2171 | D:2      | Reached XP level 5. HP: 44/47 MP: 5/5
  2341 | D:2      | Noticed Natasha
  2353 | D:2      | Killed Natasha
  2353 | D:2      | Reached skill level 5 in Fighting
  2376 | D:2      | Noticed Natasha
  2386 | D:2      | Killed Natasha
  2400 | D:2      | Found a faded altar of an unknown god.
  2435 | D:4      | Reached skill level 2 in Invocations
  2490 | D:4      | Noticed Robin
  2515 | D:4      | Killed Robin
  2515 | D:4      | Reached XP level 6. HP: 32/56 MP: 3/7
  2746 | D:4      | Noticed Dowan
  2747 | D:4      | Noticed Duvessa
  2761 | D:4      | Killed Duvessa
  2761 | D:4      | Reached skill level 7 in Axes
  2761 | D:4      | Reached skill level 3 in Invocations
  2800 | D:4      | Killed Dowan
  2829 | D:4      | Found a glowing drain.
  2834 | Sewer    | Entered a sewer
  3060 | Sewer    | Noticed Purgy
  3109 | Sewer    | Killed Purgy
  3109 | Sewer    | Reached skill level 6 in Fighting
  3109 | Sewer    | Reached skill level 4 in Invocations
  3109 | Sewer    | Reached XP level 7. HP: 21/63 MP: 8/10
  3801 | D:4      | Identified a scarf of resistance (You found it on level 4 of the Dungeon)
  4142 | D:5      | Entered Level 5 of the Dungeon
  4384 | D:5      | Found a sand-covered staircase.
  4395 | Ossuary  | Entered an ossuary
  4646 | Ossuary  | Reached skill level 8 in Axes
  4673 | Ossuary  | Reached *** piety under Beogh
  4676 | Ossuary  | Reached skill level 5 in Invocations
  4842 | Ossuary  | Reached skill level 7 in Fighting
  4895 | Ossuary  | Reached XP level 8. HP: 66/73 MP: 12/12
  5225 | D:4      | Reached skill level 6 in Invocations
  5472 | D:5      | Reached skill level 9 in Axes
  6098 | D:5      | Identified a potion of resistance
  6107 | D:5      | Reached skill level 8 in Fighting
  6229 | D:5      | Reached skill level 7 in Invocations
  6641 | D:6      | Found Keafewuh's Antique Armour Shop.
  6715 | D:6      | Found a staircase to the Ecumenical Temple.
  6771 | D:6      | Killed from afar by an orc priest

Vanquished Creatures
  Duvessa (D:4)
  Purgy (Sewer)
  An ice beast (D:5)
  An orc warrior (D:6)
  An ogre (D:5)
  2 centaurs
  A crocodile (D:5)
  An elf zombie (Ossuary)
  Dowan (D:4)
  A howler monkey (D:4)
  4 human zombies (Ossuary)
  A gnoll shaman (D:5)
  An orc wizard (D:4)
  Natasha (thrice) (D:2)
  4 worker ants
  2 big kobold zombies (Ossuary)
  A hound skeleton (D:4)
  2 mummies (Ossuary)
  A worker ant zombie (D:6)
  Robin (D:4)
  7 gnolls
  4 adders
  2 shadow imps (D:5)
  An ooze (D:1)
  3 adder skeletons
  2 adder zombies (Ossuary)
  2 worms
  5 dart slugs
  6 leopard geckos
  7 orcs
  3 giant cockroaches
  19 goblins
  8 hobgoblins
  9 kobolds
  2 quokkas
  2 ball pythons
  10 bats
  3 frilled lizards
  A goblin zombie (Ossuary)
  10 hobgoblin zombies (Ossuary)
  7 kobold zombies (Ossuary)
  8 orc zombies (Ossuary)
  A quokka zombie (D:6)
  2 rats
  4 rat zombies
159 creatures vanquished.

Vanquished Creatures (collateral kills)
  An orc wizard (D:6)
  An orc (D:6)
2 creatures vanquished.

Vanquished Creatures (others)
  2 orcs
  A bat (D:3)
3 creatures vanquished.

Grand Total: 164 creatures vanquished

Table legend:
 A = Turns spent in this place as a percentage of turns spent in the entire game.
 B = Non-inter-level travel turns spent in this place as a percentage of non-inter-level travel turns spent in the entire game.
 C = Inter-level travel turns spent in this place as a percentage of turns spent in this place.
 D = Turns resting spent in this place as a percentage of non-inter-level travel turns spent in this place.
 E = Turns spent auto-exploring this place as a percentage of non-inter-level travel turns spent in this place.
 F = Non-inter-level travel turns spent in this place divided by the number of levels of this place that you've seen.
                   A       B       C       D       E      F
               +-------+-------+-------+-------+-------+----------------------
         Total | 100.0 | 100.0 |   3.2 |  34.6 |  33.1 | 819.1
       Dungeon |  82.7 |  82.2 |   3.9 |  33.4 |  38.5 | 897.3
         Sewer |   7.9 |   8.2 |   0.0 |  64.5 |   9.3 | 538.0
       Ossuary |   9.3 |   9.6 |   0.0 |  19.0 |   7.3 | 631.0
               +-------+-------+-------+-------+-------+----------------------

Table legend:
 A = Spawn XP
 B = Non-spawn XP
 C = Spawn XP percentage of total XP
 D = Spawn monster count
 E = Non-spawn monster count
 F = Spawn count percentage of total count
 G = Total turns spent on level
                    A         B        C        D         E        F      G
               +---------+---------+-------+---------+---------+-------+---------
         Total |       0 |    2317 |   0.0 |       0 |     162 |   0.0 |  6771
               +---------+---------+-------+---------+---------+-------+---------
           D:1 |       0 |      47 |   0.0 |       0 |      22 |   0.0 |   709
           D:2 |       0 |     170 |   0.0 |       0 |      21 |   0.0 |  1100
           D:3 |       0 |      34 |   0.0 |       0 |      11 |   0.0 |   631
           D:4 |       0 |     651 |   0.0 |       0 |      38 |   0.0 |  1931
           D:5 |       0 |     662 |   0.0 |       0 |      17 |   0.0 |   804
           D:6 |       0 |     211 |   0.0 |       0 |       8 |   0.0 |   427
         Sewer |       0 |     143 |   0.0 |       0 |       6 |   0.0 |   538
       Ossuary |       0 |     399 |   0.0 |       0 |      39 |   0.0 |   631
               +---------+---------+-------+---------+---------+-------+---------
